 Dungeon Crawl Stone Soup version 0.19.1 (webtiles) character file.

77 SQman the Cutter (level 4, -8/32 HPs)
             Began as a Vampire Wanderer on Dec 10, 2016.
             Mangled by an orc warrior
             ... wielding a +0 battleaxe
             ... created by the fury of Okawaru
              (25 damage)
             ... on level 2 of the Dungeon.
             The game lasted 00:10:22 (1409 turns).

SQman the Cutter (Vampire Wanderer)                 Turns: 1409, Time: 00:10:23

Health: -8/32      AC:  3    Str: 10 (11) XL:     4   Next: 14%
Magic:  4/4        EV: 12    Int: 10 (13) God:    Xom [..*...]
Gold:   57         SH:  0    Dex: 15      Spells: 0 memorised, 3 levels left

rFire  . . .     SeeInvis +     a - +3 short sword
rCold  . . .     Gourm    .     f - +0 leather armour
rNeg   + . .     Faith    .     (no shield)
rPois  .         Spirit   .     (no helmet)
rElec  .         Reflect  .     (no cloak)
rCorr  .         Harm     .     (no gloves)
MR     .....                    (no boots)
Stlth  ++........               (no amulet)
                                (no ring)
                                h - ring of flight (curse)

@: no status effects
A: fangs 3, see invisible, unbreathing
a: Bat Form, Renounce Religion, Evoke Flight


You were on level 2 of the Dungeon.
You worshipped Xom.
You were a toy of Xom.
You were not thirsty.

You visited 1 branch of the dungeon, and saw 2 of its levels.

You collected 57 gold pieces.

Inventory:

Hand Weapons
 a - a +3 short sword (weapon)
 e - a +3 spear
Armour
 c - a +0 robe
 f - a +0 leather armour (worn)
Jewellery
 h - a cursed ring of flight (left hand)
 m - an uncursed amulet of the gourmand
Scrolls
 j - a scroll of fear
 k - 2 scrolls of identify
Potions
 d - 19 potions of blood
 i - a potion of resistance
 l - a potion of agility


   Skills:
 + Level 1.4 Fighting
 + Level 6.2 Short Blades
 + Level 1.1 Polearms
 + Level 0.8 Armour
 + Level 1.7 Dodging
 + Level 2.0 Stealth
   Level 1.0 Shields
 + Level 1.0 Evocations


You had 3 spell levels left.
You didn't know any spells.

Dungeon Overview and Level Annotations

Branches:
Dungeon (2/15)

Altars:
Okawaru
Xom
Zin


Innate Abilities, Weirdness & Mutations

You have razor-sharp teeth.
You have supernaturally acute eyesight. (SInv)
You can survive without breathing.


Message History

You kill the orc wizard!
That felt strangely unrewarding.
Xom's attention almost turns to you for a moment.
Wisps of smoke drift from your feet.
You hit the orc warrior but do no damage.
You closely miss the orc warrior.
You bite the orc warrior, but do no damage.
The orc warrior hits you with a battleaxe!
You closely miss the orc warrior.
The orc warrior hits you with a battleaxe!
* * * LOW HITPOINT WARNING * * *
You barely miss the orc warrior. You hit the orc warrior.
Your bite misses the orc warrior.
The orc warrior is moderately wounded.
The orc warrior closely misses you.
You feel better.
The orc warrior hits you with a battleaxe!!
Ouch! That really hurt!
You die...
Xom roars with laughter!

###### #...# ##...##
## # #...# ##+## #
#...# #.# # ##.##
#####.########## #
#.# #......##.......
# #.#
#.##...#>..##### #
#.# #.#........# #
#.########.#....#...#
#
#..(....@oo..#..#####
#########o####.# #...
..# ########


You could see an orc warrior, an orc wizard (invisible) and an orc.

Vanquished Creatures
  An orc wizard (D:2)
  A gnoll (D:1)
  2 adders (D:2)
  An ooze (D:2)
  A dart slug (D:2)
  A giant cockroach (D:2)
  11 goblins
  5 hobgoblins (D:1)
  7 kobolds
  4 bats
  2 frilled lizards
  8 rats
44 creatures vanquished.

Notes
Turn   | Place    | Note
-------+----------+-------------------------------------------
     0 | D:1      | SQman the Vampire Wanderer began the quest for the Orb.
     0 | D:1      | SQman set off with: a +2 short sword, 2 potions of curing, a +0 robe, a potion of blood
     0 | D:1      | Reached XP level 1. HP: 15/15 MP: 1/1
   162 | D:1      | Reached XP level 2. HP: 21/21 MP: 2/2
   290 | D:1      | Reached skill level 6 in Short Blades
   297 | D:1      | HP: 1/21 [bat (1)]
   469 | D:1      | Reached XP level 3. HP: 14/26 MP: 3/3
   897 | D:2      | Reached skill level 1 in Polearms
   948 | D:2      | Found an iron altar of Okawaru.
   957 | D:2      | Became a worshipper of Warmaster Okawaru
  1038 | D:2      | Noticed an angel
  1039 | D:2      | Found a glowing silver altar of Zin.
  1040 | D:2      | Found a shimmering altar of Xom.
  1071 | D:2      | Fell from the grace of Okawaru
  1071 | D:2      | Became a worshipper of Xom of Chaos
  1121 | D:2      | XOM: harmless Necr miscast
  1360 | D:2      | Reached XP level 4. HP: 32/32 MP: 4/4
  1394 | D:2      | Noticed an orc warrior
  1400 | D:2      | XOM: silly message
  1403 | D:2      | XOM: harmless Fire miscast
  1409 | D:2      | Mangled by an orc warrior

Skill      XL: |  1  2  3 |
---------------+----------+-----
Short Blades   | 6 |  6.2
Stealth        | 2 |  2.0
Polearms       | 1 |  1.1
Fighting       | |  1.4
Armour         | |  0.8
Dodging        | |  1.7
Shields        | |  1.0
Evocations     | |  1.0

Action                   |  1- 3 |  4- 6 || total
-------------------------+-------+-------++-------
Melee: Short sword       |    85 |    15 ||   100
       Bite              |     6 |     1 ||     7
       Spear             |    27 |       ||    27
Throw: Javelin           |     5 |     1 ||     6
  Use: Potion            |     7 |     4 ||    11
       Scroll            |     5 |     1 ||     6
 Stab: Sleeping          |     2 |       ||     2
Armor: Robe              |     1 |       ||     1
       Leather armour    |    23 |     1 ||    24
Dodge: Dodged            |    46 |     9 ||    55
